Login

New Jersey Devils vs Pittsburgh Penguins

Created - 01 May 2024 at 03:17

Goals
1 2 3 T
New Jersey Devils 0 4 3 7
Pittsburgh Penguins 0 2 1 3
Shots
1 2 3 T
New Jersey Devils 5 13 12 30
Pittsburgh Penguins 10 15 10 35

GoalsPenalties
1st period
No Goal
Timo Meier (PIT) for Holding (Minor) at 14:27
Evgeni Malkin (PIT) for Cross-checking (Minor) at 18:08
2nd period
1. New Jersey Devils , Michael McLeod 4 (Bryan Rust 7, Ondrej Palat 1) at 0:32
2. Pittsburgh Penguins , Jake Guentzel 12 (Timo Meier 5) at 1:50
3. New Jersey Devils , Jack Hughes 4 (Bryan Rust 8) at 2:44
4. Pittsburgh Penguins , Evgeni Malkin 6 (Rickard Rakell 9, Erik Karlsson 18) at 4:46 (PP)
5. New Jersey Devils , Nolan Foote 3 (Dawson Mercer 13, Josh Filmon 1) at 9:04
6. New Jersey Devils , Nolan Foote 4 (Josh Filmon 2, John Marino 6) at 11:09 (PP)
Michael McLeod (NJD) for Roughing (Minor) at 3:46
Michael McLeod (NJD) for Charging (Minor) at 5:57
Marcus Pettersson (PIT) for Interference (Minor) at 10:22
Michael McLeod (NJD) for Goalie Interference (Minor) at 11:37
Sidney Crosby (PIT) for High sticking (Double Minor) at 12:44
3rd period
7. New Jersey Devils , Dawson Mercer 7 (Oliver Ekman-Larsson 7) at 8:14
8. New Jersey Devils , Yegor Chinakhov 5 (Nick Bonino 2) at 12:36
9. Pittsburgh Penguins , Noel Acciari 1 (Kris Letang 6, Erik Karlsson 19) at 15:35
10. New Jersey Devils , Josh Filmon 1 (Kevin Bahl 3, Dawson Mercer 14) at 19:10
John Marino (NJD) for Tripping (Minor) at 0:19
Kevin Bahl (NJD) for Roughing (Minor) at 4:32
Goalie Stats
Nico Daws (NJD), 32 saves from 35 shots - (0.914), W, 2-2-0, 60:00 minutes
Tristan Jarry (PIT), 14 saves from 18 shots - (0.778), L, 9-7-0, 31:09 minutes
Alex Nedeljkovic (PIT), 9 saves from 12 shots - (0.750), 28:51 minutes
3 StarsOfficial
1 - Nolan Foote (NJD)
2 - Dawson Mercer (NJD)
3 - Josh Filmon (NJD)
Referees : Steve Kozari and Jean Hebert
Linesman : Kory Nagy and Libor Suchanek
Game Note
Adam Boqvist is injured at 14:00 of 1st period (Sore Left Knee)
Ty Smith is injured at 17:17 of 1st period (Bruised Left Shoulder)
Alex Nedeljkovic enters game at 11:09 of 2nd period
Finance
Level 1 -- Attendance: 5401 (90.02%) -- Ticket Income $540,100
Level 2 -- Attendance: 5000 (100.00%) -- Ticket Income $300,000
Level 3 -- Attendance: 1495 (74.75%) -- Ticket Income $52,325
Level 4 -- Attendance: 3377 (84.43%) -- Ticket Income $84,425
Luxury Box -- Attendance: 1000 (100.00%) -- Ticket Income $200,000
Game was played at the PPG Paints Arena.
Total Attendance: 16273 (90.41%)
Total Ticket Income: $1,176,850
Other Income: $576,656
Total Income: $1,753,506



Team Name Goals Shots Shots Attemp Shots Blocked PIM HIT PP PK FO%
New Jersey Devils 73042810201 / 5 (20%)134%
Pittsburgh Penguins 33553810311 / 5 (20%)166%

New Jersey Devils
Player Name POS G A P +/- PIM HIT SHT SB MP PP MP PP SHT PK MP PK SHT FO% FOT GA TA
Adam BoqvistD000000004:490:0000:0000% 000
Bryan RustRW0222024121:483:1820:00067% 310
Curtis LazarC000000001:270:3900:0000% 000
Dawson MercerC1233025120:433:5514:0208% 1311
Ivan ProvorovD0002000024:513:2804:1800% 011
Jack HughesC1011004217:433:0813:59045% 2001
Jakub VranaLW000000000:190:1900:0000% 000
John MarinoD0113214330:504:4823:2800% 001
Josh FilmonLW1232021015:373:5900:030100% 100
Kevin BahlD0113223023:332:2502:5300% 000
Lars EllerC000-1000012:520:4300:28060% 501
Michael McLeodC1011612013:310:4800:00031% 1321
Nick BoninoC011-1010013:340:4201:1800% 100
Nolan FooteLW2023045019:343:5223:4100% 001
Oliver Ekman-LarssonD0111030026:333:4504:1100% 000
Ondrej PalatLW0112010026:093:0303:5500% 200
Ty SmithD000000014:510:0000:0000% 000
Yegor ChinakhovRW101-1012012:150:2800:0000% 011
Pittsburgh Penguins
Player Name POS G A P +/- PIM HIT SHT SB MP PP MP PP SHT PK MP PK SHT FO% FOT GA TA
Chad RuhwedelD000-305119:490:0000:0000% 000
Colin WhiteC000001207:230:0000:0000% 000
Erik KarlssonD022-1017330:075:3705:0100% 020
Evgeni MalkinC1010212015:083:1510:46080% 510
Jake GuentzelLW101-2014025:554:4914:14050% 203
Jeff CarterC000-203009:370:0000:470100% 200
Joona KoppanenLW000-202009:440:0001:2300% 001
Kris LetangD011-1012030:075:3705:0100% 000
Marcus PetterssonD0000212220:012:2702:5100% 010
Matt NietoLW0000030016:253:1502:1500% 001
Noel AcciariC101002208:550:0001:30033% 300
Pierre-Olivier JosephD000-301019:510:0000:0000% 000
Rem PitlickC000000407:230:0000:0000% 000
Rickard RakellRW011-2033013:533:1501:3000% 111
Ryan GravesD0000020020:022:2702:5100% 000
Sidney CrosbyC000-2414124:324:4803:19068% 4120
Timo MeierRW011-2220021:514:4900:00050% 410
Tyler ToffoliRW0000012010:290:0000:0000% 000

New Jersey Devils

5 vs 5 Forward
Line #Left WingCenterRight WingPHYDFOFWanted %Time %Time Play
1Ondrej PalatJack HughesBryan Rust1222524%10:19
2Nolan FooteDawson MercerJosh Filmon1222526%11:25
3Nick BoninoLars EllerYegor Chinakhov1222527%11:32
4Ondrej PalatMichael McLeodBryan Rust1222523%9:56
5 vs 5 Defense
Line #DefenseDefensePHYDFOFWanted %Time %Time Play
1Ivan ProvorovAdam Boqvist1223035%15:09
2Oliver Ekman-LarssonJohn Marino1223027%11:27
3Kevin BahlTy Smith1223032%13:40
4Ivan ProvorovAdam Boqvist122107%2:56
Power Play Forward
Line #Left WingCenterRight WingPHYDFOFWanted %Time %Time Play
1Ondrej PalatJack HughesBryan Rust1225045%3:34
2Nolan FooteDawson MercerJosh Filmon1225055%4:18
Power Play Defense
Line #DefenseDefensePHYDFOFWanted %Time %Time Play
1Ivan ProvorovAdam Boqvist1225063%4:56
2Oliver Ekman-LarssonJohn Marino1225037%2:56
Penalty Kill 4 Players Forward
Line #CenterWingPHYDFOFWanted %Time %Time Play
1Jack HughesOndrej Palat1225049%3:59
2Dawson MercerNolan Foote1225051%4:05
Penalty Kill 4 Players Defense
Line #DefenseDefensePHYDFOFWanted %Time %Time Play
1Ivan ProvorovAdam Boqvist1225060%4:51
2Oliver Ekman-LarssonJohn Marino1225040%3:13
Penalty Kill 3 Players
Line #WingPHYDFOFWanted %Time %Time PlayDefenseDefensePHYDFOFWanted %Time %Time Play
1Jack Hughes122600%0:00 Ivan ProvorovAdam Boqvist122600%0:00
2Dawson Mercer122400%0:00 Oliver Ekman-LarssonJohn Marino122400%0:00
4 vs 4 Forward
Line #CenterWingPHYDFOFWanted %Time %Time Play
1Jack HughesOndrej Palat1225062%0:32
2Dawson MercerNolan Foote1225038%0:20
4 vs 4 Defense
Line #DefensePHYDFOFWanted %Time %Time Play
1Ivan ProvorovKevin Bahl1225090%50% - 0:47
2Oliver Ekman-LarssonJohn Marino1225010%50% - 0:05
Last Minutes Offensive
Left WingCenterRight WingDefenseDefense
Ondrej PalatJack HughesBryan RustIvan ProvorovJohn Marino
Last Minutes Defensive
Left WingCenterRight WingDefenseDefense
Ondrej PalatJack HughesBryan RustIvan ProvorovKevin Bahl
Time
Total ForwardTotal DefenseLast Minutes OffensiveLast Minutes Defensive
60:00 60:00 0:000:00
Extra Forwards
Normal PowerPlayPenalty Kill
Lars Eller, Michael McLeod, Nolan FooteLars Eller, Michael McLeodLars Eller
Extra Defensemen
Normal PowerPlayPenalty Kill
John Marino, Kevin Bahl, Ty SmithJohn Marino, John MarinoKevin Bahl
Penalty Shots
Jack Hughes, Dawson Mercer, Bryan Rust, Ondrej Palat, Lars Eller
Goalie
Nico Daws, Akira Schmid
Custom OT Lines Forwards
Jack Hughes, Dawson Mercer, Bryan Rust, Ondrej Palat, Lars Eller, Nolan Foote, Michael McLeod, Kevin Bahl, Yegor Chinakhov, Curtis Lazar
Custom OT Lines Defensemen
Ivan Provorov, Adam Boqvist, Oliver Ekman-Larsson, John Marino, Kevin Bahl
Scratches
Riley Bezeau (Healthy), Andreas Johnsson (Left Knee Injury), Brendan Smith (Healthy)

Pittsburgh Penguins

5 vs 5 Forward
Line #Left WingCenterRight WingPHYDFOFWanted %Time %Time Play
1Jake GuentzelSidney CrosbyTimo Meier1224038%16:25
2Matt NietoEvgeni MalkinTyler Toffoli1223026%11:03
3Joona KoppanenJeff CarterRickard Rakell1222019%8:21
4Colin WhiteNoel AcciariRem Pitlick1221017%7:23
5 vs 5 Defense
Line #DefenseDefensePHYDFOFWanted %Time %Time Play
1Erik KarlssonKris Letang1224041%17:40
2Ryan GravesMarcus Pettersson1223033%14:20
3Pierre-Olivier JosephChad Ruhwedel1222023%9:49
4Erik KarlssonKris Letang122103%1:23
Power Play Forward
Line #Left WingCenterRight WingPHYDFOFWanted %Time %Time Play
1Jake GuentzelSidney CrosbyTimo Meier1226060%4:49
2Matt NietoEvgeni MalkinRickard Rakell1224040%3:15
Power Play Defense
Line #DefenseDefensePHYDFOFWanted %Time %Time Play
1Erik KarlssonKris Letang1226070%5:37
2Ryan GravesMarcus Pettersson1224030%2:27
Penalty Kill 4 Players Forward
Line #CenterWingPHYDFOFWanted %Time %Time Play
1Sidney CrosbyJake Guentzel1226081%6:23
2Evgeni MalkinMatt Nieto1224019%1:29
Penalty Kill 4 Players Defense
Line #DefenseDefensePHYDFOFWanted %Time %Time Play
1Erik KarlssonKris Letang1226064%5:01
2Ryan GravesMarcus Pettersson1224036%2:51
Penalty Kill 3 Players
Line #WingPHYDFOFWanted %Time %Time PlayDefenseDefensePHYDFOFWanted %Time %Time Play
1Sidney Crosby122600%0:00 Erik KarlssonKris Letang122600%0:00
2Evgeni Malkin122400%0:00 Ryan GravesMarcus Pettersson122400%0:00
4 vs 4 Forward
Line #CenterWingPHYDFOFWanted %Time %Time Play
1Sidney CrosbyJake Guentzel12260100%0:52
2Evgeni MalkinMatt Nieto122400%0:00
4 vs 4 Defense
Line #DefensePHYDFOFWanted %Time %Time Play
1Erik KarlssonKris Letang1226054%60% - 0:28
2Ryan GravesMarcus Pettersson1224046%40% - 0:24
Last Minutes Offensive
Left WingCenterRight WingDefenseDefense
Jake GuentzelSidney CrosbyTimo MeierErik KarlssonKris Letang
Last Minutes Defensive
Left WingCenterRight WingDefenseDefense
Jake GuentzelSidney CrosbyTimo MeierErik KarlssonKris Letang
Time
Total ForwardTotal DefenseLast Minutes OffensiveLast Minutes Defensive
60:00 60:00 0:000:00
Extra Forwards
Normal PowerPlayPenalty Kill
Rickard Rakell, Tyler Toffoli, Jeff CarterRickard Rakell, Tyler ToffoliRickard Rakell
Extra Defensemen
Normal PowerPlayPenalty Kill
Marcus Pettersson, Pierre-Olivier Joseph, Chad RuhwedelMarcus Pettersson, Marcus PetterssonPierre-Olivier Joseph
Penalty Shots
Sidney Crosby, Evgeni Malkin, Jake Guentzel, Timo Meier, Rickard Rakell
Goalie
Tristan Jarry, Alex Nedeljkovic
Custom OT Lines Forwards
Sidney Crosby, Evgeni Malkin, Jake Guentzel, Timo Meier, Rickard Rakell, Tyler Toffoli, Jeff Carter, Noel Acciari, Matt Nieto, Rem Pitlick
Custom OT Lines Defensemen
Erik Karlsson, Kris Letang, Ryan Graves, Marcus Pettersson, Pierre-Olivier Joseph
Scratches
Taylor Fedun (Healthy), Drew O'Connor (Healthy), Chris Tierney (Healthy)


Play-by-Play

1st period


0:01 of 1st period - Jack Hughes wins face-off versus Sidney Crosby in neutral zone.
0:25 of 1st period - Icing by Kris Letang.
0:26 of 1st period - Dawson Mercer wins face-off versus Sidney Crosby in Pittsburgh Penguins zone.
0:33 of 1st period - Snap shot by Erik Karlsson.
0:33 of 1st period - Stopped by Nico Daws with a rebound.
0:51 of 1st period - Erik Karlsson is hit by Bryan Rust and loses puck.
2:18 of 1st period - Snap shot by Rem Pitlick.
2:18 of 1st period - Stopped by Nico Daws with a rebound.
2:20 of 1st period - Slapshot by Marcus Pettersson.
2:20 of 1st period - Stopped by Nico Daws with a rebound.
2:36 of 1st period - Evgeni Malkin is hit by Nick Bonino and loses puck.
3:05 of 1st period - Ivan Provorov is hit by Marcus Pettersson and loses puck.
3:38 of 1st period - Yegor Chinakhov is hit by Noel Acciari.
3:59 of 1st period - Jake Guentzel is hit by Nolan Foote and loses puck.
4:20 of 1st period - Tyler Toffoli is hit by Oliver Ekman-Larsson and loses puck.
4:49 of 1st period - Marcus Pettersson is hit by Nolan Foote and loses puck.
5:00 of 1st period - John Marino is hit by Rickard Rakell and loses puck.
5:17 of 1st period - John Marino is hit by Matt Nieto and loses puck.
5:46 of 1st period - Nick Bonino is hit by Ryan Graves and loses puck.
6:30 of 1st period - Snap shot by Erik Karlsson.
6:30 of 1st period - Deflect By Rickard Rakell.
6:30 of 1st period - Shot Misses the Net.
6:30 of 1st period - Puck is out of play.
6:31 of 1st period - Jeff Carter wins face-off versus Jack Hughes in New Jersey Devils zone.
6:55 of 1st period - Nolan Foote is hit by Chad Ruhwedel and loses puck.
7:14 of 1st period - Nick Bonino is hit by Tyler Toffoli and loses puck.
7:40 of 1st period - Rickard Rakell is hit by Nolan Foote.
7:44 of 1st period - John Marino is hit by Chad Ruhwedel.
8:04 of 1st period - Ondrej Palat is hit by Chad Ruhwedel and loses puck.
8:43 of 1st period - Lars Eller is hit by Jake Guentzel and loses puck.
8:52 of 1st period - Slapshot by Jake Guentzel.
8:52 of 1st period - Shot Misses the Net.
9:17 of 1st period - Marcus Pettersson is hit by Bryan Rust.
10:32 of 1st period - Dawson Mercer is hit by Chad Ruhwedel and loses puck.
10:45 of 1st period - Jack Hughes is hit by Pierre-Olivier Joseph and loses puck.
10:52 of 1st period - Wrist shot by Sidney Crosby.
10:52 of 1st period - Stopped by Nico Daws with a rebound.
10:54 of 1st period - Wrist shot by Jake Guentzel.
10:54 of 1st period - Shot Misses the Net.
11:36 of 1st period - Wrist shot by Erik Karlsson.
11:36 of 1st period - Stopped by Nico Daws with a rebound.
12:25 of 1st period - Snap shot by Jeff Carter.
12:25 of 1st period - Shot Hit the Post.
12:29 of 1st period - Snap shot by Rickard Rakell.
12:29 of 1st period - Stopped by Nico Daws with a rebound.
12:53 of 1st period - Bryan Rust is hit by Noel Acciari and loses puck.
13:59 of 1st period - Adam Boqvist is hit by Jeff Carter and loses puck.
14:00 of 1st period - Adam Boqvist from New Jersey Devils is injured at 14:00 of 1st period (Sore Left Knee).
14:01 of 1st period - Sidney Crosby wins face-off versus Michael McLeod in New Jersey Devils zone.
14:12 of 1st period - Backhand shot by Sidney Crosby.
14:12 of 1st period - Stopped by Nico Daws with a rebound.
14:14 of 1st period - Slapshot by Jake Guentzel.
14:14 of 1st period - Stopped by Nico Daws without a rebound.
14:15 of 1st period - Sidney Crosby wins face-off versus Michael McLeod in New Jersey Devils zone.
14:16 of 1st period - Wrist shot by Erik Karlsson.
14:16 of 1st period - Stopped by Nico Daws with a rebound.
14:27 of 1st period - Minor Penalty to Timo Meier for Holding.
14:28 of 1st period - Jack Hughes wins face-off versus Sidney Crosby in Pittsburgh Penguins zone.
15:00 of 1st period - Wrist shot by Nolan Foote.
15:00 of 1st period - Stopped by Tristan Jarry with a rebound.
15:02 of 1st period - Slapshot by John Marino.
15:02 of 1st period - Deflect By Dawson Mercer.
15:02 of 1st period - Shot Blocked by Erik Karlsson.
15:02 of 1st period - Puck is out of play.
15:03 of 1st period - Sidney Crosby wins face-off versus Dawson Mercer in Pittsburgh Penguins zone.
15:03 of 1st period - Sidney Crosby is hit by Josh Filmon.
15:59 of 1st period - Slapshot by Bryan Rust.
15:59 of 1st period - Stopped by Tristan Jarry without a rebound.
16:00 of 1st period - Sidney Crosby wins face-off versus Jack Hughes in Pittsburgh Penguins zone.
16:13 of 1st period - Snap shot by Bryan Rust.
16:13 of 1st period - Stopped by Tristan Jarry with a rebound.
16:17 of 1st period - Wrist shot by Bryan Rust.
16:17 of 1st period - Shot Misses the Net.
16:27 of 1st period - Penalty to Timo Meier is over, Timo Meier is back on ice.
16:46 of 1st period - Slapshot by Erik Karlsson.
16:46 of 1st period - Stopped by Nico Daws with a rebound.
17:17 of 1st period - Snap shot by Evgeni Malkin.
17:17 of 1st period - Shot Blocked by Ty Smith.
17:17 of 1st period - Ty Smith from New Jersey Devils is injured at 17:17 of 1st period (Bruised Left Shoulder).
17:18 of 1st period - Sidney Crosby wins face-off versus Michael McLeod in New Jersey Devils zone.
17:50 of 1st period - Nick Bonino is hit by Evgeni Malkin and loses puck.
18:08 of 1st period - Minor Penalty to Evgeni Malkin for Cross-checking.
18:09 of 1st period - Sidney Crosby wins face-off versus Jack Hughes in Pittsburgh Penguins zone.
18:23 of 1st period - Snap shot by Jack Hughes.
18:23 of 1st period - Stopped by Tristan Jarry with a rebound.
18:25 of 1st period - Wrist shot by John Marino.
18:25 of 1st period - Stopped by Tristan Jarry with a rebound.
Goals for this period are 0 for New Jersey Devils vs 0 for Pittsburgh Penguins.
Shots for this period are 5 for New Jersey Devils vs 10 for Pittsburgh Penguins.

2nd period


0:01 of 2nd period - Sidney Crosby wins face-off versus Dawson Mercer in neutral zone.
0:08 of 2nd period - Penalty to Evgeni Malkin is over, Evgeni Malkin is back on ice.
0:12 of 2nd period - Wrist shot by Evgeni Malkin.
0:12 of 2nd period - Deflect By Jake Guentzel.
0:12 of 2nd period - Shot Misses the Net.
0:12 of 2nd period - Puck is out of play.
0:13 of 2nd period - Sidney Crosby wins face-off versus Michael McLeod in New Jersey Devils zone.
0:22 of 2nd period - Snap shot by Bryan Rust.
0:22 of 2nd period - Stopped by Tristan Jarry without a rebound.
0:23 of 2nd period - Bryan Rust wins face-off versus Jake Guentzel in Pittsburgh Penguins zone.
0:32 of 2nd period - Wrist shot by Michael McLeod.
0:32 of 2nd period - Goal by Michael McLeod - New Jersey Devils : 1 - Pittsburgh Penguins : 0.
0:33 of 2nd period - Sidney Crosby wins face-off versus Michael McLeod in neutral zone.
0:35 of 2nd period - Off-side.
0:36 of 2nd period - Sidney Crosby wins face-off versus Bryan Rust in neutral zone.
1:05 of 2nd period - Ivan Provorov is hit by Jeff Carter and loses puck.
1:29 of 2nd period - Off-side.
1:30 of 2nd period - Noel Acciari wins face-off versus Lars Eller in neutral zone.
1:33 of 2nd period - Slapshot by Ryan Graves.
1:33 of 2nd period - Deflect By Colin White.
1:33 of 2nd period - Stopped by Nico Daws with a rebound.
1:35 of 2nd period - Slapshot by Marcus Pettersson.
1:35 of 2nd period - Deflect By Yegor Chinakhov.
1:35 of 2nd period - Stopped by Nico Daws with a rebound.
1:37 of 2nd period - Snap shot by Rem Pitlick.
1:37 of 2nd period - Stopped by Nico Daws with a rebound.
1:39 of 2nd period - Snap shot by Colin White.
1:39 of 2nd period - Stopped by Nico Daws without a rebound.
1:40 of 2nd period - Lars Eller wins face-off versus Sidney Crosby in New Jersey Devils zone.
1:40 of 2nd period - Lars Eller is hit by Timo Meier.
1:50 of 2nd period - Snap shot by Jake Guentzel.
1:50 of 2nd period - Goal by Jake Guentzel - New Jersey Devils : 1 - Pittsburgh Penguins : 1.
1:51 of 2nd period - Jack Hughes wins face-off versus Sidney Crosby in neutral zone.
1:51 of 2nd period - Jack Hughes is hit by Sidney Crosby.
2:25 of 2nd period - Wrist shot by Rickard Rakell.
2:25 of 2nd period - Shot Misses the Net.
2:31 of 2nd period - Jeff Carter is hit by Oliver Ekman-Larsson and loses puck.
2:42 of 2nd period - Snap shot by Jack Hughes.
2:42 of 2nd period - Shot Blocked by Erik Karlsson.
2:44 of 2nd period - Slapshot by Bryan Rust.
2:44 of 2nd period - Deflect By Jack Hughes.
2:44 of 2nd period - Goal by Jack Hughes - New Jersey Devils : 2 - Pittsburgh Penguins : 1.
2:45 of 2nd period - Lars Eller wins face-off versus Sidney Crosby in neutral zone.
3:21 of 2nd period - Marcus Pettersson is hit by Kevin Bahl.
3:25 of 2nd period - Backhand shot by Dawson Mercer.
3:25 of 2nd period - Stopped by Tristan Jarry without a rebound.
3:26 of 2nd period - Sidney Crosby wins face-off versus Michael McLeod in Pittsburgh Penguins zone.
3:46 of 2nd period - Minor Penalty to Michael McLeod for Roughing.
3:47 of 2nd period - Sidney Crosby wins face-off versus Jack Hughes in New Jersey Devils zone.
4:46 of 2nd period - Snap shot by Evgeni Malkin.
4:46 of 2nd period - Goal by Evgeni Malkin - New Jersey Devils : 2 - Pittsburgh Penguins : 2.
4:47 of 2nd period - Timo Meier wins face-off versus Jack Hughes in neutral zone.
5:00 of 2nd period - Wrist shot by Jake Guentzel.
5:00 of 2nd period - Shot Blocked by Jack Hughes.
5:17 of 2nd period - Snap shot by Tyler Toffoli.
5:17 of 2nd period - Stopped by Nico Daws without a rebound.
5:18 of 2nd period - Evgeni Malkin wins face-off versus Nick Bonino in New Jersey Devils zone.
5:33 of 2nd period - Snap shot by Evgeni Malkin.
5:33 of 2nd period - Stopped by Nico Daws without a rebound.
5:34 of 2nd period - Michael McLeod wins face-off versus Sidney Crosby in New Jersey Devils zone.
5:51 of 2nd period - Slapshot by Erik Karlsson.
5:51 of 2nd period - Stopped by Nico Daws with a rebound.
5:57 of 2nd period - Minor Penalty to Michael McLeod for Charging.
5:58 of 2nd period - Sidney Crosby wins face-off versus Jack Hughes in New Jersey Devils zone.
6:36 of 2nd period - Snap shot by Jake Guentzel.
6:36 of 2nd period - Shot Blocked by John Marino.
7:08 of 2nd period - Wrist shot by Jake Guentzel.
7:08 of 2nd period - Stopped by Nico Daws with a rebound.
7:47 of 2nd period - Lars Eller is hit by Matt Nieto and loses puck.
7:57 of 2nd period - Penalty to Michael McLeod is over, Michael McLeod is back on ice.
8:12 of 2nd period - Wrist shot by Michael McLeod.
8:12 of 2nd period - Stopped by Tristan Jarry with a rebound.
8:17 of 2nd period - Off-side.
8:18 of 2nd period - Jeff Carter wins face-off versus Lars Eller in neutral zone.
8:27 of 2nd period - Snap shot by Rickard Rakell.
8:27 of 2nd period - Stopped by Nico Daws with a rebound.
8:29 of 2nd period - Slapshot by Chad Ruhwedel.
8:29 of 2nd period - Stopped by Nico Daws with a rebound.
8:43 of 2nd period - Chad Ruhwedel is hit by Michael McLeod and loses puck.
9:02 of 2nd period - Snap shot by Dawson Mercer.
9:02 of 2nd period - Stopped by Tristan Jarry with a rebound.
9:04 of 2nd period - Wrist shot by Nolan Foote.
9:04 of 2nd period - Goal by Nolan Foote - New Jersey Devils : 3 - Pittsburgh Penguins : 2.
9:05 of 2nd period - Jack Hughes wins face-off versus Evgeni Malkin in neutral zone.
9:10 of 2nd period - Wrist shot by Jack Hughes.
9:10 of 2nd period - Stopped by Tristan Jarry with a rebound.
9:18 of 2nd period - Slapshot by Jack Hughes.
9:18 of 2nd period - Stopped by Tristan Jarry without a rebound.
9:19 of 2nd period - Sidney Crosby wins face-off versus Jack Hughes in Pittsburgh Penguins zone.
9:19 of 2nd period - Sidney Crosby is hit by Kevin Bahl.
9:27 of 2nd period - Slapshot by Erik Karlsson.
9:27 of 2nd period - Deflect By Jack Hughes.
9:27 of 2nd period - Stopped by Nico Daws with a rebound.
9:32 of 2nd period - Off-side.
9:33 of 2nd period - Sidney Crosby wins face-off versus Michael McLeod in neutral zone.
9:44 of 2nd period - Slapshot by Kevin Bahl.
9:44 of 2nd period - Stopped by Tristan Jarry without a rebound.
9:45 of 2nd period - Jack Hughes wins face-off versus Timo Meier in Pittsburgh Penguins zone.
10:22 of 2nd period - Minor Penalty to Marcus Pettersson for Interference.
10:23 of 2nd period - Sidney Crosby wins face-off versus Dawson Mercer in Pittsburgh Penguins zone.
10:41 of 2nd period - Icing by Nolan Foote.
10:42 of 2nd period - Sidney Crosby wins face-off versus Dawson Mercer in New Jersey Devils zone.
11:01 of 2nd period - Slapshot by Dawson Mercer.
11:01 of 2nd period - Shot Blocked by Erik Karlsson.
11:03 of 2nd period - Slapshot by Oliver Ekman-Larsson.
11:03 of 2nd period - Shot Blocked by Sidney Crosby.
11:05 of 2nd period - Slapshot by Josh Filmon.
11:05 of 2nd period - Deflect By Dawson Mercer.
11:05 of 2nd period - Stopped by Tristan Jarry with a rebound.
11:07 of 2nd period - Slapshot by John Marino.
11:07 of 2nd period - Deflect By Sidney Crosby.
11:07 of 2nd period - Stopped by Tristan Jarry with a rebound.
11:09 of 2nd period - Snap shot by Josh Filmon.
11:09 of 2nd period - Deflect By Nolan Foote.
11:09 of 2nd period - Goal by Nolan Foote - New Jersey Devils : 4 - Pittsburgh Penguins : 2.
11:09 of 2nd period - Alex Nedeljkovic enters game.
11:10 of 2nd period - Sidney Crosby wins face-off versus Michael McLeod in neutral zone.
11:13 of 2nd period - Slapshot by Erik Karlsson.
11:13 of 2nd period - Stopped by Nico Daws without a rebound.
11:14 of 2nd period - Michael McLeod wins face-off versus Sidney Crosby in New Jersey Devils zone.
11:19 of 2nd period - Snap shot by Erik Karlsson.
11:19 of 2nd period - Shot Blocked by Bryan Rust.
11:21 of 2nd period - Snap shot by Sidney Crosby.
11:21 of 2nd period - Shot Blocked by John Marino.
11:37 of 2nd period - Minor Penalty to Michael McLeod for Goalie Interference.
11:38 of 2nd period - Jack Hughes wins face-off versus Sidney Crosby in New Jersey Devils zone.
12:11 of 2nd period - John Marino is hit by Ryan Graves and loses puck.
12:44 of 2nd period - Double Minor Penalty to Sidney Crosby for High sticking.
12:45 of 2nd period - Jack Hughes wins face-off versus Rickard Rakell in Pittsburgh Penguins zone.
13:37 of 2nd period - Penalty to Michael McLeod is over, Michael McLeod is back on ice.
13:48 of 2nd period - Ryan Graves is hit by Dawson Mercer and loses puck.
16:44 of 2nd period - Penalty to Sidney Crosby is over, Sidney Crosby is back on ice.
17:15 of 2nd period - Slapshot by Pierre-Olivier Joseph.
17:15 of 2nd period - Shot Misses the Net.
18:05 of 2nd period - Michael McLeod is hit by Matt Nieto and loses puck.
18:18 of 2nd period - Dawson Mercer is hit by Timo Meier and loses puck.
18:31 of 2nd period - Michael McLeod is hit by Rickard Rakell.
18:35 of 2nd period - Michael McLeod is hit by Jeff Carter and loses puck.
18:48 of 2nd period - Snap shot by Rem Pitlick.
18:48 of 2nd period - Stopped by Nico Daws with a rebound.
18:50 of 2nd period - Snap shot by Colin White.
18:50 of 2nd period - Shot Blocked by Jack Hughes.
19:23 of 2nd period - Nick Bonino is hit by Joona Koppanen and loses puck.
Goals for this period are 4 for New Jersey Devils vs 2 for Pittsburgh Penguins.
Shots for this period are 13 for New Jersey Devils vs 15 for Pittsburgh Penguins.

3rd period


0:01 of 3rd period - Sidney Crosby wins face-off versus Dawson Mercer in neutral zone.
0:19 of 3rd period - Minor Penalty to John Marino for Tripping.
0:20 of 3rd period - Sidney Crosby wins face-off versus Jack Hughes in New Jersey Devils zone.
2:19 of 3rd period - Penalty to John Marino is over, John Marino is back on ice.
2:34 of 3rd period - Snap shot by Yegor Chinakhov.
2:34 of 3rd period - Shot Hit the Post.
2:36 of 3rd period - Wrist shot by Yegor Chinakhov.
2:36 of 3rd period - Deflect By Rem Pitlick.
2:36 of 3rd period - Shot Blocked by Chad Ruhwedel.
2:36 of 3rd period - Puck is out of play.
2:37 of 3rd period - Michael McLeod wins face-off versus Noel Acciari in Pittsburgh Penguins zone.
2:54 of 3rd period - Ivan Provorov is hit by Colin White.
3:04 of 3rd period - Dawson Mercer is hit by Joona Koppanen and loses puck.
3:51 of 3rd period - Bryan Rust is hit by Chad Ruhwedel and loses puck.
4:32 of 3rd period - Minor Penalty to Kevin Bahl for Roughing.
4:33 of 3rd period - Sidney Crosby wins face-off versus Dawson Mercer in New Jersey Devils zone.
5:09 of 3rd period - Wrist shot by Evgeni Malkin.
5:09 of 3rd period - Shot Blocked by John Marino.
6:01 of 3rd period - Timo Meier is hit by Ondrej Palat and loses puck.
6:32 of 3rd period - Penalty to Kevin Bahl is over, Kevin Bahl is back on ice.
6:43 of 3rd period - Off-side.
6:44 of 3rd period - Lars Eller wins face-off versus Noel Acciari in neutral zone.
7:47 of 3rd period - Wrist shot by Jake Guentzel.
7:47 of 3rd period - Deflect By Sidney Crosby.
7:47 of 3rd period - Deflect By Bryan Rust.
7:47 of 3rd period - Stopped by Nico Daws without a rebound.
7:48 of 3rd period - Sidney Crosby wins face-off versus Ondrej Palat in New Jersey Devils zone.
7:56 of 3rd period - Slapshot by Kevin Bahl.
7:56 of 3rd period - Stopped by Alex Nedeljkovic without a rebound.
7:57 of 3rd period - Jake Guentzel wins face-off versus Dawson Mercer in Pittsburgh Penguins zone.
8:02 of 3rd period - Snap shot by Dawson Mercer.
8:02 of 3rd period - Stopped by Alex Nedeljkovic without a rebound.
8:03 of 3rd period - Josh Filmon wins face-off versus Sidney Crosby in Pittsburgh Penguins zone.
8:06 of 3rd period - Snap shot by Nolan Foote.
8:06 of 3rd period - Stopped by Alex Nedeljkovic without a rebound.
8:07 of 3rd period - Sidney Crosby wins face-off versus Dawson Mercer in Pittsburgh Penguins zone.
8:14 of 3rd period - Wrist shot by Dawson Mercer.
8:14 of 3rd period - Goal by Dawson Mercer - New Jersey Devils : 5 - Pittsburgh Penguins : 2.
8:15 of 3rd period - Sidney Crosby wins face-off versus Ondrej Palat in neutral zone.
8:24 of 3rd period - Off-side.
8:25 of 3rd period - Michael McLeod wins face-off versus Timo Meier in neutral zone.
8:37 of 3rd period - Off-side.
8:38 of 3rd period - Sidney Crosby wins face-off versus Jack Hughes in neutral zone.
8:43 of 3rd period - Slapshot by Kris Letang.
8:43 of 3rd period - Shot Hit the Post.
9:49 of 3rd period - Snap shot by Oliver Ekman-Larsson.
9:49 of 3rd period - Shot Blocked by Marcus Pettersson.
9:59 of 3rd period - Wrist shot by Yegor Chinakhov.
9:59 of 3rd period - Stopped by Alex Nedeljkovic with a rebound.
10:22 of 3rd period - Off-side.
10:23 of 3rd period - Evgeni Malkin wins face-off versus Dawson Mercer in neutral zone.
10:34 of 3rd period - Off-side.
10:35 of 3rd period - Jack Hughes wins face-off versus Sidney Crosby in neutral zone.
10:55 of 3rd period - Ivan Provorov is hit by Kris Letang.
11:59 of 3rd period - Slapshot by Rem Pitlick.
11:59 of 3rd period - Stopped by Nico Daws with a rebound.
12:17 of 3rd period - Matt Nieto is hit by Nolan Foote and loses puck.
12:36 of 3rd period - Slapshot by Yegor Chinakhov.
12:36 of 3rd period - Goal by Yegor Chinakhov - New Jersey Devils : 6 - Pittsburgh Penguins : 2.
12:37 of 3rd period - Sidney Crosby wins face-off versus Jack Hughes in neutral zone.
13:04 of 3rd period - Kris Letang is hit by Josh Filmon and loses puck.
13:09 of 3rd period - Snap shot by Nolan Foote.
13:09 of 3rd period - Stopped by Alex Nedeljkovic without a rebound.
13:10 of 3rd period - Evgeni Malkin wins face-off versus Dawson Mercer in Pittsburgh Penguins zone.
13:19 of 3rd period - Wrist shot by Tyler Toffoli.
13:19 of 3rd period - Stopped by Nico Daws with a rebound.
13:21 of 3rd period - Slapshot by Marcus Pettersson.
13:21 of 3rd period - Shot Blocked by Dawson Mercer.
14:12 of 3rd period - Marcus Pettersson is hit by John Marino and loses puck.
14:41 of 3rd period - Rem Pitlick is hit by Dawson Mercer and loses puck.
14:54 of 3rd period - Bryan Rust is hit by Erik Karlsson and loses puck.
15:08 of 3rd period - Rem Pitlick is hit by Yegor Chinakhov and loses puck.
15:23 of 3rd period - Slapshot by Kris Letang.
15:23 of 3rd period - Deflect By Dawson Mercer.
15:23 of 3rd period - Stopped by Nico Daws with a rebound.
15:29 of 3rd period - Slapshot by Erik Karlsson.
15:29 of 3rd period - Shot Misses the Net.
15:31 of 3rd period - Snap shot by Kris Letang.
15:31 of 3rd period - Stopped by Nico Daws with a rebound.
15:33 of 3rd period - Slapshot by Erik Karlsson.
15:33 of 3rd period - Deflect By Noel Acciari.
15:33 of 3rd period - Stopped by Nico Daws with a rebound.
15:35 of 3rd period - Snap shot by Kris Letang.
15:35 of 3rd period - Deflect By Noel Acciari.
15:35 of 3rd period - Goal by Noel Acciari - New Jersey Devils : 6 - Pittsburgh Penguins : 3.
15:36 of 3rd period - Sidney Crosby wins face-off versus Jack Hughes in neutral zone.
15:43 of 3rd period - Wrist shot by Sidney Crosby.
15:43 of 3rd period - Stopped by Nico Daws without a rebound.
15:44 of 3rd period - Jack Hughes wins face-off versus Sidney Crosby in New Jersey Devils zone.
16:31 of 3rd period - Snap shot by Bryan Rust.
16:31 of 3rd period - Shot Blocked by Pierre-Olivier Joseph.
16:33 of 3rd period - Snap shot by Bryan Rust.
16:33 of 3rd period - Stopped by Alex Nedeljkovic with a rebound.
16:35 of 3rd period - Snap shot by John Marino.
16:35 of 3rd period - Stopped by Alex Nedeljkovic without a rebound.
16:36 of 3rd period - Evgeni Malkin wins face-off versus Dawson Mercer in Pittsburgh Penguins zone.
17:18 of 3rd period - Nick Bonino is hit by Rickard Rakell and loses puck.
17:32 of 3rd period - Off-side.
17:33 of 3rd period - Sidney Crosby wins face-off versus Michael McLeod in neutral zone.
17:44 of 3rd period - Snap shot by Jake Guentzel.
17:44 of 3rd period - Stopped by Nico Daws with a rebound.
17:50 of 3rd period - Slapshot by Sidney Crosby.
17:50 of 3rd period - Shot Misses the Net.
18:15 of 3rd period - Erik Karlsson is hit by Oliver Ekman-Larsson and loses puck.
18:30 of 3rd period - Snap shot by Dawson Mercer.
18:30 of 3rd period - Shot Blocked by Marcus Pettersson.
18:32 of 3rd period - Slapshot by John Marino.
18:32 of 3rd period - Stopped by Alex Nedeljkovic without a rebound.
18:33 of 3rd period - Timo Meier wins face-off versus Dawson Mercer in Pittsburgh Penguins zone.
19:06 of 3rd period - Snap shot by Dawson Mercer.
19:06 of 3rd period - Shot Misses the Net.
19:08 of 3rd period - Slapshot by Kevin Bahl.
19:08 of 3rd period - Stopped by Alex Nedeljkovic with a rebound.
19:10 of 3rd period - Snap shot by Josh Filmon.
19:10 of 3rd period - Goal by Josh Filmon - New Jersey Devils : 7 - Pittsburgh Penguins : 3.
19:11 of 3rd period - Bryan Rust wins face-off versus Sidney Crosby in neutral zone.
19:22 of 3rd period - Wrist shot by Jack Hughes.
19:22 of 3rd period - Shot Misses the Net.
19:59 of 3rd period - Slapshot by Rickard Rakell.
19:59 of 3rd period - Stopped by Nico Daws with a rebound.
Goals for this period are 3 for New Jersey Devils vs 1 for Pittsburgh Penguins.
Shots for this period are 12 for New Jersey Devils vs 10 for Pittsburgh Penguins.